Map: Sueño eterno EE

Players

JimRising - Winner!

  • Race: Terran Terran
  • League: Grandmaster
  • Spawn Location: 1:00

KaZ

  • Race: Zerg Zerg
  • League: Platinum
  • Spawn Location: 7:00

VOD

Have the link to the VOD?

Description

Time

  • Played on: July 5, 2020, 5:45 p.m.
  • Length: 12:04
Show
View Real Time Build Order
Export as new Build Order

JimRising Terran - Winner!

Build Orders: Reaper Expand 

Get SALT Encoding   

  12  0:00  SCV  
  13  0:13  SCV  
  14  0:20  Supply Depot  
  14  0:26  SCV  
  15  0:42  SCV  
  16  0:43  Barracks  
  16  0:48  Refinery  
  16  0:54  SCV  
  17  1:06  SCV  
  18  1:18  SCV  
  19  1:32  Orbital Command  
  19  1:34  Reaper  
  20  1:40  Command Center  
  20  1:59  SCV  
  21  2:04  Refinery  
  21  2:06  Marine  
  22  2:08  Supply Depot  
  22  2:12  Factory  
  22  2:18  SCV  
  23  2:30  SCV  
  23  2:31  Barracks Reactor  
  24  2:42  SCV  
  25  2:54  SCV, Orbital Command  
  26  2:59  Starport  
  26  3:06  Supply Depot, SCV  
  27  3:16  Hellion  
  27  3:17  Hellion  
  27  3:18  SCV  
  32  3:21  SCV  
  33  3:31  SCV  
  33  3:34  SCV  
  35  3:38  Starport Tech Lab  
  35  3:40  Hellion x2  
  35  3:41  Barracks Tech Lab  
  39  3:43  SCV  
  39  3:46  SCV  
  39  3:47  Supply Depot  
  41  3:54  Bunker  
  41  3:55  SCV  
  42  3:56  Banshee  
  42  3:58  SCV  
  42  4:00  Cloaking Field  
  45  4:07  SCV  
  46  4:10  Supply Depot, SCV  
  46  4:12  Siege Tank  
  50  4:19  SCV  
  50  4:22  SCV  
  52  4:24  Marine x2  
  52  4:28  Supply Depot  
  54  4:31  SCV  
  54  4:34  SCV  
  56  4:39  Banshee  
  56  4:43  SCV  
  60  4:46  SCV  
  60  4:50  Marine x2, Command Center  
  60  4:52  Siege Tank  
  66  4:55  SCV, Supply Depot  
  66  4:58  SCV  
  68  5:10  Refinery  
  68  5:11  Refinery  
  68  5:24  Barracks x2  
  68  5:26  Barracks  
  68  5:31  Siege Tank  
  71  5:44  SCV x2  
  71  5:47  Supply Depot  
  71  5:48  Supply Depot  
  71  5:49  Marine, Stimpack  
  74  5:53  Medivac x2  
  74  5:54  Engineering Bay x2  
  74  5:56  SCV  
  79  5:58  SCV  
  80  6:05  Orbital Command  
  80  6:07  Marine  
  80  6:08  SCV  
  80  6:10  SCV  
  83  6:19  Barracks Reactor x2  
  83  6:22  Terran Infantry Weapons Level 1  
  83  6:23  Terran Infantry Armor Level 1  
  83  6:24  Barracks Reactor  
  83  6:27  Marine  
  84  6:34  SCV x2  
  84  6:38  Supply Depot  
  84  6:39  Supply Depot  
  86  6:45  Marine  
  87  6:50  Orbital Command  
  87  6:58  Marine x4  
  91  7:03  Marine  
  91  7:04  Marine x2  
  94  7:10  Armory  
  94  7:16  Marine x4  
  94  7:21  Marine  
  94  7:22  Marine x2, SCV x3  
  103  7:28  Combat Shield  
  104  7:31  Siege Tank  
  104  7:33  Marine  
  104  7:34  Marine x3, SCV  
  104  7:35  SCV x2  
  114  7:39  Marine x2  
  114  7:40  Marine, Supply Depot  
  114  7:42  Supply Depot  
  114  7:43  Supply Depot  
  117  7:49  SCV  
  118  7:51  Marine  
  118  7:52  Marine x3  
  118  7:56  Marine  
  118  7:57  Marine  
  118  7:58  Marine  
  125  7:59  Terran Vehicle Weapons Level 1  
  125  8:01  SCV x3  
  125  8:03  Siege Tank  
  131  8:06  Supply Depot  
  131  8:07  Supply Depot  
  131  8:09  Marine  
  131  8:10  Marine x3  
  135  8:14  Marine  
  135  8:15  Marine  
  135  8:16  Marine  
  135  8:18  Barracks  
  138  8:27  Marine x4  
  138  8:32  Marine  
  138  8:33  Marine x2  
  145  8:34  Terran Infantry Weapons Level 2, Terran Infantry Armor Level 2  
  145  8:42  Factory  
  145  8:43  Supply Depot  
  145  8:45  Marine x4, Supply Depot  
  145  8:47  Refinery  
  145  8:48  Medivac x2, Refinery  
  153  8:50  Marine, Siege Tank  
  153  8:51  Marine x2  
  144  9:02  Marine  
  144  9:03  Marine x3  
  144  9:08  Marine  
  144  9:09  Marine x2  
  150  9:11  Barracks Reactor  
  149  9:18  Medivac x2  
  149  9:20  Marine  
  149  9:21  Marine x3  
  149  9:24  Siege Tank  
  160  9:26  Marine x2  
  160  9:27  Marine  
  163  9:37  Factory Tech Lab  
  163  9:38  Marine  
  163  9:39  Marine x3  
  163  9:42  Supply Depot  
  163  9:43  Marine, Supply Depot  
  163  9:44  Marine  
  163  9:45  Marine  
  170  9:48  Marine x2  
  172  9:56  Marine x4  
  176  10:01  Marine  
  176  10:02  Marine  
  176  10:03  Marine  
  176  10:06  Marine x2  
  181  10:14  Marine x4  
  181  10:19  Marine  
  181  10:20  Marine x2  
  188  10:23  Marine  
  188  10:24  Marine  
  190  10:29  Siege Tank  
  190  10:30  Command Center  
  190  10:31  Siege Tank  
  190  10:32  Marine x4  
Show
View Real Time Build Order
Export as new Build Order

KaZ Zerg 

Build Orders: Pool First 

Get SALT Encoding   

  12  0:03  Drone  
  13  0:12  Overlord  
  13  0:17  Drone  
  14  0:32  Drone x2  
  17  0:35  Drone  
  17  0:47  Spawning Pool  
  17  0:49  Drone  
  17  1:09  Hatchery  
  16  1:12  Drone  
  17  1:24  Extractor  
  17  1:25  Drone x2  
  18  1:29  Drone  
  19  1:34  Queen  
  21  1:42  Overlord  
  21  1:56  Zergling x2  
  22  2:20  Zergling x2  
  22  2:21  Zergling x2  
  24  2:24  Queen  
  24  2:25  Drone x2  
  27  2:51  Metabolic Boost  
  27  2:59  Overlord  
  27  3:00  Drone x6  
  33  3:06  Roach Warren  
  32  3:32  Hatchery  
  31  3:35  Overlord  
  31  3:36  Overlord, Drone x3  
  31  3:37  Drone x4  
  38  3:42  Queen  
  40  4:06  Roach  
  40  4:07  Roach x3  
  40  4:09  Drone  
  49  4:15  Spore Crawler  
  48  4:18  Lair  
  48  4:21  Extractor  
  47  4:25  Evolution Chamber  
  45  4:44  Extractor  
  45  4:45  Spore Crawler, Extractor  
  42  4:58  Zerg Missile Weapons Level 1  
  42  5:01  Overlord x2  
  42  5:02  Drone  
  42  5:03  Drone x9  
  42  5:05  Roach  
  42  5:06  Roach, Overlord  
  56  5:15  Overseer  
  56  5:22  Drone x4  
  56  5:23  Drone x3  
  56  5:24  Glial Reconstitution  
  61  5:46  Queen  
  63  5:56  Overseer  
  63  6:09  Overlord x2  
  63  6:10  Drone x7  
  63  6:11  Overlord x2, Drone x3  
  73  6:12  Drone  
  70  6:52  Queen  
  69  7:01  Roach x4  
  69  7:02  Roach x8  
  91  7:18  Spore Crawler  
  90  7:27  Queen x2  
  94  7:34  Roach x2  
  94  7:35  Roach x6  
  110  7:38  Ravager x3  
  110  7:39  Ravager  
  110  7:44  Extractor x2  
  112  7:48  Drone x2  
  114  7:51  Overlord x3  
  114  7:52  Overlord  
  114  7:55  Zerg Ground Armor Level 1  
  114  8:18  Drone x4  
  114  8:19  Drone x8  
  126  8:45  Roach x4  
  126  8:46  Roach x5  
  88  9:10  Roach x2  
  88  9:11  Roach x5  
  102  9:30  Zergling x4  
  102  9:31  Zergling x8  
  108  9:48  Hydralisk Den  
  107  9:59  Roach x9  
  125  10:15  Overlord x3  
  125  10:17  Roach x4  
  125  10:21  Lurker Den  
  132  10:24  Hatchery  
  132  10:25  Drone x2  
  132  10:26  Overlord x3, Drone  
  134  10:55  Spine Crawler  
  133  11:02  Roach x7  
  133  11:03  Roach, Hydralisk x3  
Tags
 
Add a new tag
Caveats
  • Supply blocks, unpowered buildings, or Contaminate may cause inaccurate times.
  • Supply counts are checked every 10 seconds.